 Dungeon Crawl Stone Soup version 0.29-a0-283-ga02f740833 (webtiles) character file.

Game seed: 15387379976726973613

382 Inarius the Chopper (level 7, 0/54 HPs)
             Began as a Human Chaos Knight on Mar 13, 2022.
             Was a Plaything of Xom.
             Succumbed to a scorpion's poison
             ... on level 3 of the Dungeon.
             The game lasted 00:05:57 (5361 turns).

Inarius the Chopper (Human Chaos Knight)            Turns: 5361, Time: 00:05:58

Health: 0/54       AC:  5    Str: 15    XL:     7   Next: 5%
Magic:  16/16      EV: 12    Int: 12    God:    Xom [.*....]
Gold:   214        SH:  0    Dex: 12    Spells: 6/6 levels left

rFire   . . .      SeeInvis .   u - +3 dagger of Urgency {venom, Fragile Fly rN+++ MP+9}
rCold   . . .      Faith    .   (no shield)
rNeg    + + +      Spirit   .   b - +2 leather armour
rPois   .          Reflect  .   (no helmet)
rElec   .          Harm     .   l - scarf {shadows}
rCorr   .          Rampage  .   (no gloves)
Will    .....                   (no boots)
Stlth   +.........              (no amulet)
HPRegen 0.18/turn               (no ring)
MPRegen 0.15/turn               (no ring)

@: lethally poisoned (0 -> -7), attractive, flying, hasted, very quick
A: screaming 2
a: Renounce Religion


You were on level 3 of the Dungeon.
You worshipped Xom.
You were a plaything of Xom.
You visited 1 branch of the dungeon, and saw 4 of its levels.

You collected 214 gold pieces.

Inventory:

Hand Weapons
 a - a +0 hand axe of chaos
 s - a +1 falchion of holy wrath
 u - the +3 dagger of Urgency (weapon) {venom, Fragile Fly rN+++ MP+9}
   (You found it on level 4 of the Dungeon)

   It poisons the flesh of those it strikes.
   rN:        It renders you almost immune to negative energy.
   MP:        It affects your magic capacity (+9).
   Fly:       It grants you flight.
   Fragile:   It will be destroyed if unequipped.
Armour
 b - a +2 leather armour (worn)
 f - a +0 plate armour
 l - a scarf of shadows (worn)
 o - the +0 leather armour of the Desolation of Salt {rC++}
   (You found it on level 2 of the Dungeon)

   rC:        It greatly protects you from cold.
 t - a +0 chain mail
Wands
 v - a wand of flame (20)
 w - a wand of mindburst (15)
Scrolls
 e - 2 scrolls of silence
 g - a scroll of torment {unknown}
 j - 2 scrolls of immolation {unknown}
 k - 2 scrolls of holy word {unknown}
 m - 9 scrolls of identify {unknown}
 n - 3 scrolls of teleportation {unknown}
 p - a scroll of magic mapping {unknown}
 q - 3 scrolls of enchant armour {unknown}
Miscellaneous
 c - a piece from Xom's chessboard (7/15) (quivered)


   Skills:
 + Level 4.0 Fighting
 * Level 5.4 Axes
 + Level 2.9 Armour
 + Level 2.4 Dodging
 * Level 2.1 Evocations


You had 6 spell levels left.
You didn't know any spells.
Your spell library contained the following spells:

 Spells                   Type           Power      Damage    Failure   Level
 Apportation              Tloc           0%         N/A       38%         1
 Slow                     Hex            0%         N/A       38%         1
 Sublimation of Blood     Necr           0%         N/A       52%         2
 Wereblood                Tmut           0%         N/A       52%         2
 Confusing Touch          Hex            0%         N/A       77%         3
 Tukima's Dance           Hex            0%         N/A       77%         3
 Vampiric Draining        Necr           0%         2d6       77%         3
 Passage of Golubria      Tloc           0%         N/A       99%         4
 Alistair's Intoxication  Tmut/Pois      0%         N/A       100%        5
 Summon Forest            Summ/Tloc      0%         N/A       100%        5
 Yara's Violent Unravell  Hex/Tmut       0%         3d3       100%        5
 Eringya's Noxious Bog    Tmut/Pois      0%         N/A       100%        6
 Summon Hydra             Summ           0%         N/A       100%        7


Dungeon Overview and Level Annotations

Branches:
Dungeon (4/15)             Temple (0/1) D:4

Altars:
Dithmenos
Makhleb
Vehumet
Xom

Annotations:
D:4 2 transporters, Edmund


Innate Abilities, Weirdness & Mutations

You frequently scream uncontrollably at your foes.


Message History

* * * LOW HITPOINT WARNING * * *
You are lethally poisoned!
The scorpion poisons you!
It was a potion of curing.
You feel better.
Xom is mildly amused.
The scorpion barely misses you.
You closely miss the scorpion. The scorpion stings you.
* * * LOW HITPOINT WARNING * * *
You are lethally poisoned!
The scorpion poisons you!
You barely miss the scorpion.
* * * LOW HITPOINT WARNING * * *
You emit a cloud of colourful smoke!
You feel very sick.
The scorpion stings you but does no damage.
You feel better. The scorpion closely misses you.
You reach down and open the door.
The scorpion stings you.
* * * LOW HITPOINT WARNING * * *
You are poisoned.
The scorpion poisons you! The scorpion stings you.
* * * LOW HITPOINT WARNING * * *
You are lethally poisoned!
The scorpion poisons you!
* * * LOW HITPOINT WARNING * * *
You feel very sick.
There is an open door here.
It was a potion of flight.
You feel more buoyant.
Xom roars with laughter!
* * * LOW HITPOINT WARNING * * *
You feel very sick. The scorpion closely misses you.
It was a potion of haste.
You feel yourself speed up.
* * * LOW HITPOINT WARNING * * *
You feel sick.
The scorpion stings you but does no damage.
It was a potion of attraction.
You feel attractive to monsters.
You die...
Xom howls with laughter!

...).## #.#.#.# #........###
......# #.....# #.#.####.##.
.....## ###.### #.#.## #.##.
#...## ##'## #.#..# #.##. ##.##
##...## #.##.# #.### ####
##.....## ##.##.###.# # #.##
##.......## ##.........# #
...####.........####...##.#######
......+.........@s§§§............
...####.........####§..##.#######
#.## ##.......## #>#....# # ###
##.....## ##.##### #### ##...##
#.# #... ##'## ###### #.## #.#
##_._## #.## #.# #...(.# #.#
##.######...## #.##


You could see a scorpion.

Vanquished Creatures
  A scorpion (D:4)
  A crimson imp (D:3)
  2 hounds (D:4)
  Jessica (D:3)
  An iguana (D:4)
  5 gnolls
  6 adders
  An ufetubus (D:4)
  A worm (D:2)
  2 dart slugs (D:2)
  An orc (D:1)
  7 ball pythons
  5 bats
  5 endoplasms
  3 giant cockroaches
  4 hobgoblins
  6 kobolds
  4 quokkas
  4 frilled lizards
  8 goblins
  5 rats
73 creatures vanquished.

Vanquished Creatures (collateral kills)
  2 giant cockroaches (D:3)
2 creatures vanquished.

Grand Total: 75 creatures vanquished

Notes
Turn   | Place    | Note
-------+----------+-------------------------------------------
     0 | D:1      | Inarius the Human Chaos Knight began the quest for the Orb.
     0 | D:1      | Reached XP level 1. HP: 18/18 MP: 1/1
     0 | D:1      | Found a faded altar of an unknown god.
   146 | D:1      | XOM: noise
   150 | D:1      | Reached XP level 2. HP: 24/24 MP: 2/2
   191 | D:1      | XOM: silly message
   309 | D:1      | XOM is BORED!
   365 | D:1      | XOM: polymorph kobold -> orc
   373 | D:1      | XOM: give mutations
   373 | D:1      | Gained mutation: You occasionally shout uncontrollably at
                  | your foes. [Xom's mischief]
   373 | D:1      | Gained mutation: Your muscles are strong. (Str +2) [Xom's
                  | mischief]
   508 | D:1      | Reached XP level 3. HP: 29/29 MP: 3/3
   589 | D:1      | XOM: smoke on damage
   912 | D:2      | XOM: 2-stop teleportation journey
  1084 | D:2      | Reached skill level 4 in Axes
  1084 | D:2      | Reached XP level 4. HP: 24/35 MP: 4/4
  1283 | D:2      | Identified the +0 leather armour of the Desolation of Salt
                  | {rC++}
  1616 | D:3      | XOM: cloud trail
  1674 | D:3      | Reached skill level 1 in Evocations
  1684 | D:3      | XOM: silly message
  1858 | D:3      | XOM: give mutations
  1858 | D:3      | Gained mutation: Armour fits poorly on your strangely
                  | shaped body. [Xom's mischief]
  1858 | D:3      | Gained mutation: You are frail. (-10% HP) [Xom's mischief]
  1858 | D:3      | Lost mutation: Your muscles are strong. (Str +2) [Xom's
                  | mischief]
  1858 | D:3      | Lost mutation: You are frail. (-10% HP) [Xom's mischief]
  1924 | D:3      | Noticed Jessica
  1931 | D:3      | XOM: enchant monster (good)
  1932 | D:3      | Killed Jessica
  1933 | D:3      | Reached XP level 5. HP: 37/41 MP: 5/5
  2110 | D:3      | XOM: silly message
  2283 | D:3      | XOM: divination: magic mapping
  2307 | D:3      | Found a large runed translucent door.
  2308 | D:3      | Found a large runed translucent door.
  2322 | D:3      | Found a shimmering altar of Xom.
  2437 | D:3      | XOM: give mutations
  2437 | D:3      | Gained mutation: You are frail. (-10% HP) [Xom's mischief]
  2437 | D:3      | Lost mutation: You are frail. (-10% HP) [Xom's mischief]
  2437 | D:3      | Gained mutation: You frequently scream uncontrollably at
                  | your foes. [Xom's mischief]
  2437 | D:3      | Lost mutation: Armour fits poorly on your strangely shaped
                  | body. [Xom's mischief]
  3000 | D:3      | Found a burning altar of Makhleb.
  3000 | D:3      | Found a radiant altar of Vehumet.
  3085 | D:3      | XOM: confuse monster(s)
  3329 | D:2      | XOM: divination: detect items
  3361 | D:3      | XOM: confuse monster(s)
  3407 | D:2      | XOM: divination: magic mapping
  3863 | D:4      | XOM: 2-stop teleportation journey
  3937 | D:4      | Found a transporter.
  3938 | D:4      | Identified the +3 dagger of Urgency {venom, Fragile Fly
                  | rN+++ MP+9}
  3961 | D:4      | Noticed an ice beast
  4007 | D:4      | Found a transporter.
  4007 | D:4      | Found a shadowy altar of Dithmenos.
  4135 | D:4      | XOM: summons friendly crimson imp
  4140 | D:4      | Reached XP level 6. HP: 34/48 MP: 6/6
  4186 | D:4      | Reached skill level 5 in Axes
  4267 | D:4      | XOM: polymorph crimson imp -> quasit
  4296 | D:4      | Found a staircase to the Ecumenical Temple.
  4452 | D:4      | XOM: silly message
  4455 | D:4      | XOM: swap monsters
  4456 | D:4      | XOM: fog
  4701 | D:4      | Reached XP level 7. HP: 33/54 MP: 7/7
  4815 | D:4      | XOM: summons 1 hostile demon
  5068 | D:3      | XOM: summons 4 hostile demons
  5254 | D:3      | XOM: summons 3 hostile demons
  5343 | D:4      | Noticed Edmund
  5352 | D:3      | HP: 2/54 [scorpion (4)]
  5355 | D:3      | XOM: smoke on damage
  5360 | D:3      | HP: 1/54 [poisoned by a scorpion]
  5361 | D:3      | Succumbed to a scorpion's poison

Illustrated notes

Levels and vault maps discovered:
D:1:      dpeg_arrival_pits, layout_rooms, basic_ecumenical_altar,
          minmay_misc_feat_rows
D:2:      minmay_evil_eye, layout_basic
D:3:      due_chaos_kobolds, layout_loops_corners,
          grunt_temple_overflow_lords_of_destruction, uniq_jessica
D:4:      layout_cave_pools, gammafunk_temple_overflow_arena, temple_pool_b,
          kennysheep_crisscross, uniq_edmund

Skill      XL: |  1  2  3  4  5  6 |
---------------+-------------------+-----
Axes           | 4 5 |  5.4
Evocations     | 1 2 |  2.1
Dodging        | 2 |  2.4
Fighting       | 4 |  4.0
Armour         | |  2.9

Action                   |  1- 3 |  4- 6 |  7- 9 || total
-------------------------+-------+-------+-------++-------
Melee: Hand axe          |    87 |   183 |       ||   270
       Punch             |     1 |     4 |     1 ||     6
       Dagger            |       |    57 |    31 ||    88
Evoke: Piece from Xom's  |       |    12 |       ||    12
  Use: Scroll            |       |     1 |       ||     1
       Potion            |       |       |     5 ||     5
 Stab: Confused          |       |     1 |       ||     1
Armor: Leather armour    |    40 |    86 |    12 ||   138
Dodge: Dodged            |    36 |   157 |    39 ||   232

Table legend: (Time is in decaauts)
 A = Elapsed time spent in this place.
 B = Non-inter-level travel time spent in this place.
 C = Inter-level travel time spent in this place.
 D = Time resting spent in this place.
 E = Time spent auto-exploring this place.
 F = Levels seen in this place.
 G = Mean time per level.
                   A        B        C        D        E       F      G
               +--------+--------+--------+--------+--------+-----+--------+
         Total |   5391 |   5234 |    157 |   1708 |   2577 |   4 | 1347.8 |
       Dungeon |   5391 |   5234 |    157 |   1708 |   2577 |   4 | 1347.8 |
               +--------+--------+--------+--------+--------+-----+--------+

Top non-repeatable levels by time:
     D:3: 2725 daAuts
     D:2: 963 daAuts
     D:1: 905 daAuts
     D:4: 797 daAuts
